 Dungeon Crawl Stone Soup version 0.18-a0-1203-gbde16db (webtiles) character file.

1748 Kidiri the Conjurer (level 8, 0/44 HPs)
             Began as a Deep Elf Conjurer on Jan 31, 2016.
             Was a Follower of Sif Muna.
             Killed by divine providence
             ... invoked by an orc priest
              (13 damage)
             ... on level 6 of the Dungeon.
             The game lasted 00:29:48 (7689 turns).

Kidiri the Conjurer (Deep Elf Conjurer)             Turns: 7689, Time: 00:29:49

Health: 0/44       AC:  4    Str:  5    XL:     8   Next: 78%
Magic:  26/28      EV: 15    Int: 23    God:    Sif Muna [*.....]
Gold:   297        SH:  0    Dex: 15    Spells: 6 memorised, 1 level left

rFire  . . .     SeeInvis .     A - +0 lajatang
rCold  + . .     Gourm    .     h - +1 robe {rC+}
rNeg   . . .     Faith    .     (shield currently unavailable)
rPois  .         Spirit   .     (no helmet)
rElec  .         Dismiss  .     (no cloak)
rCorr  .         Reflect  .     B - +0 pair of gloves
SustAt +         Harm     .     (no boots)
MR     .....                    (no amulet)
Stlth  +++.......               E - ring of magical power
                                g - ring of sustain attributes

@: not resistant to hostile enchantments, fairly stealthy
A: no striking features
a: Channel Energy, Renounce Religion


You were on level 6 of the Dungeon.
You worshipped Sif Muna.
Sif Muna was aware of your devotion.
You were not hungry.

You visited 2 branches of the dungeon, and saw 7 of its levels.

You collected 297 gold pieces.

Inventory:

Hand Weapons
 e - a +2 dagger of flaming
 A - a +0 lajatang (weapon)
Armour
 h - a +1 robe of cold resistance (worn)
 o - a +0 leather armour
 B - a +0 pair of gloves (worn)
 D - a +0 shield
Jewellery
 g - a ring of sustain attributes (left hand)
 E - a ring of magical power (right hand)
Wands
 t - a wand of teleportation (5/9)
Scrolls
 d - 4 scrolls of remove curse
 l - 3 scrolls of enchant weapon {unknown}
 m - a scroll of fear
 p - a scroll of torment {unknown}
 q - 2 scrolls of amnesia {unknown}
 s - 2 scrolls of blinking {unknown}
 u - a scroll of recharging {unknown}
 w - a scroll of teleportation {unknown}
 y - 3 scrolls of identify
 z - a scroll of enchant armour {unknown}
 C - a scroll of magic mapping {unknown}
Potions
 f - a potion of flight {unknown}
 i - a potion of haste {unknown}
 k - a potion of agility
 n - 2 potions of mutation {unknown}
 v - 3 potions of lignification {unknown}
 x - a potion of heal wounds {unknown}
Books
 b - a book of Conjurations

   Spells                             Type                      Level
   a - Magic Dart                     Conjuration                  1
   b - Searing Ray                    Conjuration                  2
   c - Dazzling Spray                 Conjuration/Hexes            3
   d - Fulminant Prism                Conjuration/Hexes            4
   e - Iskenderun's Mystic Blast      Conjuration                  4
   f - Iskenderun's Battlesphere      Conjuration/Charms           5
Comestibles
 a - a meat ration
 c - 5 bread rations
 j - 2 beef jerkies
 r - 2 fruits
 F - 6 chunks of flesh


   Skills:
 + Level 2.3 Fighting
 + Level 2.5 Staves
 + Level 2.3 Armour
 * Level 5.8 Dodging
 + Level 4.6 Stealth
 * Level 1.9 Shields
 * Level 6.5 Spellcasting
 * Level 6.7 Conjurations
 + Level 3.4 Hexes
 + Level 0.4 Charms
 + Level 1.9 Invocations
 + Level 2.7 Evocations


You had one spell level left.
You knew the following spells:

 Your Spells              Type           Power        Failure   Level  Hunger
a - Magic Dart            Conj           ####         1%          1    None
b - Searing Ray           Conj           #####.       1%          2    None
c - Dazzling Spray        Conj/Hex       ####....     3%          3    #......
d - Iskenderun's Mystic   Conj           #####...     8%          4    ###....
e - Fulminant Prism       Conj/Hex       ####......   12%         4    ###....
f - Iskenderun's Battles  Conj/Chrm      ###.....     58%         5    #####..


Dungeon Overview and Level Annotations

Branches:
Dungeon (6/15)             Temple (1/1) D:4

Altars:
Ashenzari
Dithmenos
Elyvilon
Fedhas
Kikubaaqudgha
Makhleb
Nemelex Xobeh
Okawaru
Qazlal
Ru
Sif Muna
Trog
Vehumet
Xom
Yredelemnul
Zin

Shops:
D:5 %   D:6 %


Message History

The orc priest calls down the wrath of Beogh upon you.
Pain shoots through your body!
* * * LOW HITPOINT WARNING * * *
A kobold comes into view.
Unknown command.
Casting: Magic Dart
Confirm with . or Enter, or press ? or * to list all spells.
Aiming: Dazzling Spray
Press: ? - help, Shift-Dir - straight line, f - orc priest
Aim: an orc priest, wielding a club and wearing a ring mail The spray of energy hits the orc priest.
The orc priest is heavily wounded.
The orc priest is dazzled.
Unknown command.
Unknown command.
The kobold closely misses you.
The orc priest is no longer blind.
The orc priest mumbles some strange prayers to Beogh against you.
Something smites you!
You die...

#.# #.######## .♣ #........####
## ♣♣.♣P ##.#####.#..#####..#
#P... #.## #...........## #..P
#..#####...#####.#.# ♣ #PP.
##...............#.# .♣# ##.
###.............#.# #..# #..
#.........@......##...# #..
#.........K.........# #.<
#######.......∩.......#.### #.#
.##............(......#.# ##.#
...##.#...............#.######..#
#............o.............##..##
.#.##....................#....###
......................#..........
.#.....###..##..#.........######.


You could see an orc priest and a kobold.

Vanquished Creatures
  Pikel (D:5)
  Prince Ribbit (D:5)
  A water moccasin (D:5)
  A black bear (D:6)
  A sky beast (D:5)
  A slave (D:6)
  An ogre (D:6)
  2 giant frogs (D:6)
  A gnoll sergeant (D:5)
  A scorpion (D:6)
  2 centaur zombies (D:6)
  A jelly (D:6)
  3 orc wizards (D:4)
  An iguana (D:5)
  A hound zombie (D:5)
  A worker ant zombie (D:5)
  10 adders
  5 gnolls
  A shadow imp (D:6)
  3 oozes
  An adder zombie (D:5)
  4 worms
  4 giant geckos
  13 orcs
  3 giant cockroaches
  4 goblins
  6 hobgoblins
  14 jackals
  2 quokkas
  5 ball pythons
  6 bats
  A giant gecko zombie (D:5)
  10 kobolds
  8 rats
120 creatures vanquished.

Vanquished Creatures (others)
  A slave (D:6)
  An orc wizard (D:6)
  A hound (D:6)
  An orc (D:6)
4 creatures vanquished.

Grand Total: 124 creatures vanquished

Notes
Turn   | Place    | Note
--------------------------------------------------------------
     0 | D:1      | Kidiri the Deep Elf Conjurer began the quest for the Orb.
     0 | D:1      | Reached XP level 1. HP: 10/10 MP: 6/6
   328 | D:1      | Reached XP level 2. HP: 14/16 MP: 6/8
   335 | D:1      | Learned a level 2 spell: Searing Ray
   932 | D:1      | Reached XP level 3. HP: 18/20 MP: 4/9
   937 | D:1      | Learned a level 3 spell: Dazzling Spray
  1758 | D:2      | Found a blossoming altar of Fedhas.
  1820 | D:2      | Reached skill level 1 in Fighting
  1989 | D:2      | Reached XP level 4. HP: 25/25 MP: 7/11
  2002 | D:2      | Learned a level 4 spell: Iskenderun's Mystic Blast
  2230 | D:2      | Found a sparkling altar of Nemelex Xobeh.
  2688 | D:3      | Found a glowing silver altar of Zin.
  3122 | D:3      | Reached skill level 1 in Armour
  3147 | D:3      | Reached skill level 1 in Hexes
  3159 | D:3      | Reached skill level 5 in Conjurations
  3387 | D:3      | Reached XP level 5. HP: 29/29 MP: 7/13
  3841 | D:4      | Found a staircase to the Ecumenical Temple.
  3911 | Temple   | Entered the Ecumenical Temple
  4030 | Temple   | Became a worshipper of Sif Muna the Loreminder
  4206 | D:4      | Found a burning altar of Makhleb.
  4238 | D:4      | Found a shattered altar of Ashenzari.
  4389 | D:4      | Found a shattered altar of Ashenzari.
  4966 | D:4      | Reached XP level 6. HP: 34/34 MP: 8/14
  4972 | D:4      | Learned a level 4 spell: Fulminant Prism
  5295 | D:5      | Entered Level 5 of the Dungeon
  5403 | D:5      | Noticed a sky beast
  5442 | D:5      | Killed a sky beast
  5518 | D:5      | Noticed a water moccasin
  5526 | D:5      | Killed a water moccasin
  5526 | D:5      | Reached skill level 1 in Staves
  5642 | D:5      | Noticed Prince Ribbit
  5657 | D:5      | Killed Prince Ribbit
  5657 | D:5      | Reached skill level 5 in Spellcasting
  5657 | D:5      | Reached skill level 1 in Invocations
  5657 | D:5      | Reached skill level 1 in Evocations
  5657 | D:5      | Reached XP level 7. HP: 19/38 MP: 9/16
  5887 | D:5      | Found Niahaon's Food Shop.
  6255 | D:5      | Reached * piety under Sif Muna
  6262 | D:5      | Reached skill level 6 in Conjurations
  6611 | D:6      | Found Zuco Huic's Food Emporium.
  6711 | D:6      | Noticed Pikel
  6743 | D:5      | Killed Pikel
  6743 | D:5      | Reached skill level 5 in Dodging
  6743 | D:5      | Reached skill level 1 in Shields
  6743 | D:5      | Reached XP level 8. HP: 12/44 MP: 0/19
  6972 | D:5      | Learned a level 5 spell: Iskenderun's Battlesphere
  7689 | D:6      | Killed from afar by an orc priest

Vault maps used:
D:1:      tarquinn_simple_flora_water_e
D:2:      fedhas_altar_1, nemelex_altar_shiori
D:3:      marbit_many_paths, first_bread
D:4:      kennysheep_mini_moat, lemuel_doored_altar, temple_pool_b,
          minivault_27, nicolae_ashenzari_panopticon
D:5:      serial_shops, shop, nrook_mini_backslash, uniq_prince_ribbit1
D:6:      kennysheep_kobold_camp, serial_shops, shop, uniq_pikel
Temple:   chambers_temple_12

Action                   |  1- 3 |  4- 6 |  7- 9 || total
-------------------------+-------+-------+-------++-------
Melee: Unarmed           |     1 |       |       ||     1
       Dagger            |     2 |    10 |       ||    12
       Lajatang          |       |     4 |    35 ||    39
 Cast: Magic Dart        |    63 |   136 |    87 ||   286
       Searing Ray       |     1 |     4 |     2 ||     7
       Dazzling Spray    |       |    10 |    19 ||    29
       Iskenderun's Myst |       |     2 |     4 ||     6
  Use: Scroll            |     4 |     1 |       ||     5
       Potion            |       |       |     3 ||     3
 Stab: Sleeping          |       |     2 |       ||     2
       Invisible         |       |     1 |     1 ||     2
  Eat: Chunk             |     3 |    10 |     2 ||    15
       Pizza             |       |     1 |     1 ||     2
       Meat ration       |       |       |     1 ||     1
